 Dungeon Crawl Stone Soup version 0.29-a0-284-gf9362112df (webtiles) character file.

Game seed: 17559754549925411802

1969 drugrobin the Cleaver (level 8, -5/66 HPs)
             Began as a Demigod Fighter on Mar 16, 2022.
             Slain by a +0 dagger (8 damage)
             ... on level 7 of the Dungeon.
             The game lasted 00:16:12 (9196 turns).

drugrobin the Cleaver (Demigod Fighter)             Turns: 9196, Time: 00:16:13

Health: -5/66      AC: 11    Str: 25    XL:     8   Next: 68%
Magic:  10/10      EV:  7    Int: 10    God:
Gold:   453        SH:  4    Dex: 13    Spells: 7/7 levels left

rFire   . . .      SeeInvis .   a - +0 war axe
rCold   . . .      Faith    .   w - +0 buckler
rNeg    . . .      Spirit   .   B - +0 chain mail
rPois   .          Reflect  .   o - +0 helmet
rElec   .          Harm     .   (no cloak)
rCorr   .          Rampage  .   (no gloves)
Will    .....                   i - +0 pair of boots
Stlth   ..........              (no amulet)
HPRegen 0.21/turn               (no ring)
MPRegen 0.12/turn               (no ring)

@: no status effects
A: high MP 1, forlorn, divine attributes
a: no special abilities


You were on level 7 of the Dungeon.
You visited 2 branches of the dungeon, and saw 8 of its levels.

You collected 453 gold pieces.

Inventory:

Hand Weapons
 a - a +0 war axe (weapon)
 b - a +0 hunting sling
 c - a +1 dagger of venom
 d - a +1 flail of venom
 y - a +0 hand axe of freezing
Missiles
 g - 140 stones (quivered)
 q - 18 poisoned darts
Armour
 i - a +0 pair of boots (worn)
 k - a +0 scale mail
 o - a +0 helmet (worn)
 w - a +0 buckler (worn)
 B - a +0 chain mail (worn)
Magical Staves
 e - a staff of air
Wands
 l - a wand of mindburst (15)
 E - a wand of digging (2)
Scrolls
 f - a scroll of blinking {unknown}
 j - 5 scrolls of teleportation {unknown}
 m - 2 scrolls of noise {unknown}
 n - 4 scrolls of identify {unknown}
 s - 4 scrolls of fear {unknown}
 t - a scroll of enchant weapon {unknown}
 v - a scroll of enchant armour {unknown}
 x - a scroll of magic mapping {unknown}
 A - a scroll of brand weapon {unknown}
 D - a scroll of amnesia {unknown}
Potions
 h - a potion of flight {unknown}
 p - 2 potions of degeneration {unknown}
 r - 3 potions of lignification {unknown}
 u - a potion of heal wounds {unknown}
 z - 2 potions of invisibility {unknown}


   Skills:
 + Level 3.8 Fighting
 + Level 10.4 Axes
 - Level 2.6 Armour
 - Level 2.6 Shields
 + Level 1.1 Evocations


You had 7 spell levels left.
You didn't know any spells.
Your spell library contained the following spells:

 Spells                   Type           Power      Damage    Failure   Level
 Scorch                   Fire           0%         2d5       99%         2
 Flame Wave               Conj/Fire      0%         2d4       100%        4
 Summon Cactus Giant      Summ           0%         N/A       100%        6


Dungeon Overview and Level Annotations

Branches:
Dungeon (7/15)             Temple (1/1) D:5


Innate Abilities, Weirdness & Mutations

You have an increased reservoir of magic. (+10% MP)
You shall have no god before yourself.
Your divine heritage dramatically boosts your attributes as you level up.


Message History

The +0 dagger hits you.
* * * LOW HITPOINT WARNING * * *
You miss the +0 dagger. The +0 dagger hits you.
* * * LOW HITPOINT WARNING * * *
Unknown command.
You feel better. The +0 dagger hits you.
* * * LOW HITPOINT WARNING * * *
You block the +0 dagger's attack.
Aiming: Mindburst
Press: ? - help, Shift-Dir - straight line, f - +0 dagger
Aim: a +0 dagger (infinite will)
Okay, then.
Unknown command.
Unknown command.
You miss the +0 dagger.
The +0 dagger hits you but does no damage.
You block the +0 dagger's attack. The +0 dagger hits you!
* * * LOW HITPOINT WARNING * * *
Unknown command.
Cleave: a) +0 war axe
Press: ? - help, Dir - move target, f - +0 dagger
Aim: a +0 dagger (about 73% to evade your +0 war axe)
Okay, then.
Unknown command.
Unknown command.
Unknown command.
Unknown command.
You completely miss the +0 dagger.
The +0 dagger hits you but does no damage. x2
Unknown command.
Unknown command.
You completely miss the +0 dagger.
The +0 dagger hits you but does no damage.
You block the +0 dagger's attack.
Unknown command.
Unknown command.
You barely miss the +0 dagger.
The +0 dagger hits you but does no damage.
The +0 dagger hits you!
You die...

#.....#
+.....#
#.....#
#.....#
#.....#
#.....#
#.....#
#.@(..#
#.....#
#######


You could see a +0 dagger.

Vanquished Creatures
  Pikel (D:6)
  Prince Ribbit (D:5)
  A steam dragon (D:4)
  An acid dragon (D:6)
  An orc warrior (D:5)
  A sky beast (D:6)
  A lemure (D:6)
  A phantom (D:5)
  A bullfrog (D:4)
  A necrophage (D:5)
  A scorpion (D:6)
  A howler monkey (D:5)
  3 hounds
  2 orc priests
  An iguana (D:4)
  Jessica (D:2)
  4 orc wizards
  Robin (D:2)
  4 gnolls (D:3)
  9 adders
  A shadow imp (D:6)
  A worm (D:4)
  4 dart slugs
  27 orcs
  8 endoplasms
  5 giant cockroaches
  14 goblins
  10 hobgoblins
  3 jackals (D:1)
  5 kobolds
  5 quokkas
  8 ball pythons
  9 bats
  2 frilled lizards (D:1)
  10 rats
149 creatures vanquished.

Notes
Turn   | Place    | Note
-------+----------+-------------------------------------------
     0 | D:1      | drugrobin the Demigod Fighter began the quest for the Orb.
     0 | D:1      | Reached XP level 1. HP: 18/18 MP: 3/3
    87 | D:1      | Reached skill level 2 in Axes
   373 | D:1      | Reached XP level 2. HP: 24/25 MP: 4/4
   691 | D:1      | Reached skill level 3 in Axes
  1008 | D:1      | Reached XP level 3. HP: 24/30 MP: 5/5
  1789 | D:2      | Noticed Robin
  1824 | D:2      | Reached skill level 4 in Axes
  1854 | D:2      | Killed Robin
  1855 | D:2      | Reached XP level 4. HP: 33/37 MP: 6/6
  2352 | D:2      | Noticed Jessica
  2358 | D:2      | Killed Jessica
  2846 | D:3      | Reached skill level 5 in Axes
  2878 | D:3      | Reached XP level 5. HP: 40/42 MP: 7/7
  3745 | D:3      | bro are you effin serious?
  4922 | D:4      | Reached skill level 6 in Axes
  4922 | D:4      | Reached XP level 6. HP: 39/50 MP: 8/8
  5310 | D:4      | Noticed a steam dragon
  5631 | D:5      | Entered Level 5 of the Dungeon
  5631 | D:5      | Noticed Prince Ribbit
  5657 | D:5      | Killed Prince Ribbit
  5658 | D:5      | Reached skill level 7 in Axes
  5658 | D:5      | Reached XP level 7. HP: 43/56 MP: 9/9
  5895 | D:5      | Reached skill level 8 in Axes
  6438 | D:5      | Found a staircase to the Ecumenical Temple.
  6444 | Temple   | Entered the Ecumenical Temple
  7476 | D:6      | Noticed Pikel
  7519 | D:6      | Killed Pikel
  7520 | D:6      | Reached skill level 10 in Axes
  7520 | D:6      | Reached XP level 8. HP: 46/62 MP: 10/10
  8080 | D:6      | Noticed a +0 dagger
  8080 | D:6      | Noticed a +0 dagger
  8922 | D:4      | Reached skill level 1 in Evocations
  9193 | D:7      | HP: 2/66 [+0 dagger (8)]
  9196 | D:7      | Slain by a +0 dagger

Illustrated notes

##.......# #.#######.#######
.#.##....# #.# #.#######
.#[##....# #.# #.......#
o#.##....########.#############.#
.#.##.........................#.#
.#.#####..#######.###########.#.#
.#.#####..#######.####.######.#.#
...............o.................
##.######....##.@.#.##.######.#.#
.............##...#.##.#### #.#.#
.########....##...........# #.#.#
.# #....##........##.# #.#.#
.########....##..########.# #.#.#
........#######..#...# #.# #.#.#
.###.........##..#.#.# #.# #.#..
.#...........##..#.#.# #.# #.#..
.#.#.........##..#.#.# #.# #.###


Turn 3745 on D:3: bro are you effin serious?

Levels and vault maps discovered:
D:1:      minmay_arrival_nine_rooms, layout_basic,
          chequers_ecumenical_altar_grove, ebering_dispersal_statue_hall,
          solitary_fountain
D:2:      minmay_chambers_of_twos, layout_loops_ring, uniq_robin, uniq_jessica
D:3:      layout_basic, marbit_many_paths, nicolae_tso_swordbearing_angel
D:4:      layout_basic, kennysheep_generic_room_10
D:5:      layout_loops_ring, okawaru_gym_becter, kennysheep_slug_shrine,
          grunt_gozag_breadcrumbs, ashenzari_conservatory_becter,
          minmay_temple_entry_statues_pillars, uniq_prince_ribbit1
D:6:      layout_rooms, dancing_weapons_uskayaw, uniq_pikel
D:7:      layout_gridville, general_overflow_altar
Temple:   compressed_dpeg_triangle_lava_temple

Skill      XL: |  1  2  3  4  5  6  7  8 |
---------------+-------------------------+-----
Axes           | 2 3 4 5 6 7 10 | 10.4
Fighting       | 3 |  3.8
Evocations     | 1 |  1.1
Armour         | |  2.6
Shields        | |  2.6

Action                   |  1- 3 |  4- 6 |  7- 9 || total
-------------------------+-------+-------+-------++-------
Melee: War axe           |   129 |   113 |    43 ||   285
       Flail             |       |    68 |   123 ||   191
       Dagger            |       |    26 |       ||    26
 Fire: Hunting sling     |    10 |     8 |     1 ||    19
Throw: Stone             |     2 |    15 |       ||    17
       Dart              |       |    14 |     2 ||    16
Evoke: Wand              |       |     1 |     4 ||     5
  Use: Potion            |       |     3 |     1 ||     4
Armor: Scale mail        |    60 |   100 |    20 ||   180
       Chain mail        |       |       |    59 ||    59
Dodge: Dodged            |    51 |    76 |    60 ||   187
Block: Buckler           |    21 |    36 |    30 ||    87

Table legend: (Time is in decaauts)
 A = Elapsed time spent in this place.
 B = Non-inter-level travel time spent in this place.
 C = Inter-level travel time spent in this place.
 D = Time resting spent in this place.
 E = Time spent auto-exploring this place.
 F = Levels seen in this place.
 G = Mean time per level.
                   A        B        C        D        E       F      G
               +--------+--------+--------+--------+--------+-----+--------+
         Total |   9329 |   8922 |    407 |   2755 |   3977 |   8 | 1166.1 |
       Dungeon |   9327 |   8920 |    407 |   2755 |   3977 |   7 | 1332.4 |
        Temple |      1 |      1 |      0 |      0 |      0 |   1 |    1.0 |
               +--------+--------+--------+--------+--------+-----+--------+

Top non-repeatable levels by time:
     D:5: 1687 daAuts
     D:2: 1665 daAuts
     D:4: 1657 daAuts
     D:1: 1617 daAuts
     D:3: 1543 daAuts
     D:6: 1136 daAuts
     D:7: 19 daAuts
  Temple: 1 daAuts
